 Dungeon Crawl Stone Soup version 0.26-a0-663-g36e8fdb655 (webtiles) character file.

Game seed: 11132659570190015876

34414 Birvald the Geomancer (level 13, -9/79 HPs)
             Began as a Gargoyle Earth Elementalist on Oct 11, 2020.
             Was a High Priest of Vehumet.
             Mangled by a yak (12 damage)
             ... on level 2 of the Lair of Beasts.
             The game lasted 00:50:42 (21235 turns).

Birvald the Geomancer (GrEE)                       Turns: 21235, Time: 00:50:43

Health: -9/79      AC: 19    Str: 17 (18) XL:     13   Next: 77%
Magic:  22/34      EV: 15    Int: 21      God:    Vehumet [*****.]
Gold:   1004       SH:  5    Dex: 11 (12) Spells: 3/29 levels left

rFire    . . .     SeeInvis .   K - +4 double sword
rCold    + . .     Faith    .   (no shield)
rNeg     + . .     Spirit   .   u - +2 robe {rC+}
rPois    ∞         Reflect  +   I - +0 hat
rElec    +         Harm     .   (no cloak)
rCorr    .         Rampage  .   e - +2 pair of gloves
MR       .....     Rnd*Rage +   k - +1 pair of boots
Stlth    ++........             h - amulet of reflection
HPRegen  0.23/turn              f - ring of magical power
MPRegen  0.24/turn              c - +6 ring of strength

@: very slightly contaminated
A: antennae 1, agile 1, berserk 1, deterioration 1, negative energy resistance
1, electricity resistance, unbreathing, petrification resistance, rot immunity,
AC +9
a: Renounce Religion


You were on level 2 of the Lair of Beasts.
You worshipped Vehumet.
Vehumet was extremely pleased with you.
You visited 3 branches of the dungeon, and saw 18 of its levels.
You also visited: Ossuary and Bailey.

You collected 1004 gold pieces.

Inventory:

Hand Weapons
 a - a +0 morningstar
 x - a +3 dire flail
 K - a +4 double sword (weapon)
Missiles
 b - 275 stones (quivered)
Armour
 e - a +2 pair of gloves (worn)
 k - a +1 pair of boots (worn)
 u - a +2 robe of cold resistance (worn)
 I - a +0 hat (worn)
Jewellery
 c - a +6 ring of strength (right hand)
 f - a ring of magical power (left hand)
 h - an amulet of reflection (around neck)
 p - an uncursed ring of flight
 q - an uncursed ring of fire
 r - an uncursed amulet of the acrobat
 L - an uncursed ring of protection from cold
Wands
 l - a wand of disintegration (16)
 n - a wand of enslavement (16)
 E - a wand of iceblast (6)
 H - a wand of polymorph (12)
Scrolls
 g - 5 scrolls of teleportation
 m - 11 scrolls of identify
 s - 12 scrolls of remove curse
 y - 2 scrolls of fog
 D - 2 scrolls of magic mapping
 J - a scroll of amnesia
Potions
 d - a potion of might
 i - 7 potions of curing
 j - 3 potions of invisibility
 o - a potion of berserk rage
 t - 5 potions of lignification
 v - 2 potions of haste
 w - a potion of stabbing
 z - a potion of brilliance
 A - 2 potions of ambrosia
 B - a potion of resistance
 C - 3 potions of cancellation
Miscellaneous
 M - a lightning rod (4/4)


   Skills:
 + Level 8.5 Fighting
 + Level 7.8 Maces & Flails
 - Level 6.0 Armour
 + Level 6.7 Dodging
 - Level 2.1 Stealth
 + Level 8.8 Spellcasting
 + Level 9.6 Conjurations
   Level 0.7 Transmutations
 * Level 7.0 Fire Magic
 + Level 11.3 Earth Magic
 - Level 6.0 Evocations


You had 3 spell levels left.
You knew the following spells:

 Your Spells              Type           Power        Failure   Level
a - Sandblast             Erth           ######       1%          1
b - Stone Arrow           Conj/Erth      ######       1%          3
c - Lee's Rapid Deconstr  Erth           ######....   1%          5
d - Iron Shot             Conj/Erth      ######....   4%          6
e - Bolt of Magma         Conj/Fire/Erth #####.....   1%          5
f - Starburst             Conj/Fire      #####.....   11%         6

Your spell library contained the following spells:

 Spells                   Type           Power        Failure   Level
 Foxfire                  Conj/Fire      ####         1%          1
 Passwall                 Tmut/Erth      ####....     1%          2
 Conjure Flame            Conj/Fire      #####...     1%          3
 Inner Flame              Hex/Fire       ###.....     1%          3
 Apportation              Tloc           #.....       8%          1
 Lesser Beckoning         Tloc           #.........   22%         3
 Tukima's Dance           Hex            #.......     22%         3
 Sticky Flame             Conj/Fire      #####...     1%          4
 Fireball                 Conj/Fire      #####.....   1%          5
 Iskenderun's Battlesphe  Conj           #####...     1%          5
 Petrify                  Tmut/Erth      ####....     6%          4
 Orb of Destruction       Conj           #####.....   28%         7
 Alistair's Intoxication  Tmut/Pois      ##.......    87%         5
 Spellforged Servitor     Conj/Summ      ####......   88%         7
 Invisibility             Hex            #.......     100%        6


Dungeon Overview and Level Annotations

Branches:
Dungeon (15/15)            Temple (1/1) D:6            Lair (2/6) D:9
    Orc (0/2) D:11         Vaults (0/5) D:13         Depths (0/5) D:15
Ossuary (visited)          Bailey (visited)
  Swamp: Lair:2-4    Shoals: Lair:2-4     Snake: Lair:2-4    Spider: Lair:2-4

Altars:
Ashenzari
Dithmenos
Elyvilon
Fedhas
Gozag
Hepliaklqana
Kikubaaqudgha
Nemelex Xobeh
Okawaru
Qazlal
Ru
Sif Muna
Trog
Uskayaw
Vehumet
Wu Jian
Xom
Yredelemnul
Zin
The Shining One

Shops:
D:6 [   D:10 [

Annotations:
D:4 1 runed translucent door, RaHiT's ghost, novice GnWn
D:11 3 runed translucent doors, Weapeem's ghost, journeyman OpCK


Innate Abilities, Weirdness & Mutations

You are resistant to torment.
Your stone body is resilient. (AC +9)
You are immune to poison.
You resist negative energy. (rN+)
You are resistant to electric shocks. (rElec)
You can survive without breathing.
You are immune to petrification.
You are immune to rotting.
You have a pair of small antennae on your head.
You are agile. (Dex +2)
You tend to lose your temper in combat.
Your body sometimes deteriorates upon taking damage.


Message History

The bullfrog hits you.
* * * LOW HITPOINT WARNING * * *
The cane toad barely misses you.
You riposte.
You barely miss the cane toad.
The yak gores you but does no damage. x2
The bullfrog hits you but does no damage.
The yak gores you.
* * * LOW HITPOINT WARNING * * *
Unknown command.
Casting: Starburst (quite dangerous; 11% risk of failure)
Confirm with . or Enter, or press ? or * to list all spells.
The spell is quite dangerous to cast (11% risk of failure)!
Continue anyway?
You miscast Starburst.
Flames sear your flesh!
* * * LOW HITPOINT WARNING * * *
The cane toad closely misses you.
The bullfrog hits you but does no damage.
The bullfrog hits you.
* * * LOW HITPOINT WARNING * * *
The cane toad completely misses you. The yak closely misses you.
The yak gores you!
You die...

)##.......##..
....#..#..#..
......#...#
.........#.
#.........#
##.⌠.⌠.....#
#..#..YF...#...
+....YF@F......
#.....YFY..#..#
#...#.⌠Y⌠.##
##. #.......
.........
.##...#..#.. ..
##.#.... . ..
.....#..


You could see 5 yaks, 2 cane toads and 2 bullfrogs.

Vanquished Creatures
  Gastronok (D:9)
  2 hydras
  A boulder beetle (D:14)
  A tengu warrior (D:13)
  7 two-headed ogres
  Sonja (D:13)
  5 skeletal warriors (D:14)
  2 unseen horrors
  A necromancer (D:13)
  An ugly thing (D:11)
  2 slime creatures (D:6)
  6 cyclopes
  Psyche (D:9)
  2 gargoyles
  2 cane toads (Lair:1)
  3 komodo dragons
  A queen bee (shapeshifter) (D:14)
  A troll (D:11)
  Grinder (D:5)
  A polar bear (Lair:1)
  5 blink frogs (Lair:1)
  A raiju (shapeshifter) (D:13)
  A hornet (D:12)
  Sigmund (D:3)
  A wraith (D:13)
  13 yaks
  3 vampire mosquitoes (D:12)
  A soldier ant (D:11)
  An acid dragon (D:11)
  3 water moccasins (Lair:1)
  14 orc warriors
  4 ice beasts
  7 sky beasts
  3 black bears
  2 necrophages
  2 phantoms
  4 ogres
  6 wolves (Lair:1)
  3 centaurs
  8 big kobolds
  Blork the orc (D:4)
  8 bullfrogs
  A gnoll sergeant (D:11)
  A wyvern skeleton (D:9)
  A water moccasin skeleton (D:8)
  3 scorpions
  10 killer bees
  8 howler monkeys
  5 wights (D:9)
  6 electric eels (D:9)
  A bullfrog zombie (D:7)
  5 quasits
  3 centaur zombies
  6 hounds
  15 orc priests
  4 centaur skeletons
  9 jellies
  6 bullfrog skeletons
  Terence (D:2)
  3 iguanas
  13 orc wizards
  8 worker ants
  4 big kobold zombies (Ossuary)
  A hound skeleton (D:9)
  A mummy (Ossuary)
  3 worker ant zombies
  8 adders
  11 gnolls
  2 shadow imps
  3 white imps (D:7)
  2 ufetubi
  3 oozes
  2 adder skeletons
  An adder zombie (D:6)
  3 dart slugs
  7 leopard geckos
  54 orcs
  3 spectral bats (Ossuary)
  A ball python (D:1)
  5 bats
  2 bat zombies (D:3)
  8 giant cockroaches
  10 goblins
  8 hobgoblins
  4 jackals (D:7)
  5 quokkas
  4 bat simulacra (Ossuary)
  2 frilled lizards
  8 gnoll zombies (Ossuary)
  6 goblin simulacra (Ossuary)
  4 goblin zombies (Ossuary)
  5 hobgoblin zombies (Ossuary)
  A jackal skeleton (D:8)
  49 kobolds
  2 kobold simulacra (Ossuary)
  4 kobold zombies (Ossuary)
  A leopard gecko skeleton (D:7)
  5 orc zombies (Ossuary)
  A quokka skeleton (D:9)
  2 quokka zombies
  9 rats
  3 rat simulacra (Ossuary)
  A rat zombie (D:3)
  2 spectral goblins (Ossuary)
  5 spectral kobolds (Ossuary)
508 creatures vanquished.

Vanquished Creatures (others)
  8 fungi
  7 plants
  9 toadstools (D:6)
24 creatures vanquished.

Grand Total: 532 creatures vanquished

Notes
Turn   | Place    | Note
-------+----------+-------------------------------------------
     0 | D:1      | Birvald the Gargoyle Earth Elementalist began the quest for
                  | the Orb.
     0 | D:1      | Reached XP level 1. HP: 10/10 MP: 3/3
   169 | D:1      | Reached XP level 2. HP: 15/15 MP: 5/5
   181 | D:1      | Reached skill level 4 in Earth Magic
   759 | D:1      | Reached XP level 3. HP: 19/19 MP: 7/7
   764 | D:1      | Learned a level 3 spell: Stone Arrow
  1448 | D:2      | Noticed Terence
  1488 | D:2      | Killed Terence
  1488 | D:2      | Reached skill level 1 in Conjurations
  1488 | D:2      | Reached XP level 4. HP: 16/24 MP: 1/8
  2356 | D:2      | Found a faded altar of an unknown god.
  2537 | D:3      | Noticed a phantom
  2561 | D:3      | Killed a phantom
  2561 | D:3      | Reached skill level 5 in Earth Magic
  2561 | D:3      | Reached XP level 5. HP: 19/28 MP: 8/10
  2635 | D:3      | Learned a level 5 spell: Lee's Rapid Deconstruction
  2924 | D:3      | Reached XP level 6. HP: 32/32 MP: 11/11
  2996 | D:3      | Noticed Sigmund
  3001 | D:3      | Killed Sigmund
  3001 | D:3      | Reached skill level 6 in Earth Magic
  3111 | D:3      | Gained mutation: You tend to lose your temper in combat.
                  | [potion of mutation]
  3111 | D:3      | Gained mutation: You are agile. (Dex +2) [potion of
                  | mutation]
  3111 | D:3      | Gained mutation: Your body sometimes deteriorates upon
                  | taking damage. [potion of mutation]
  3111 | D:3      | Gained mutation: You have a pair of small antennae on your
                  | head. [potion of mutation]
  3164 | D:3      | Found a glowing silver altar of Zin.
  3759 | D:3      | Found an ancient bone altar of Kikubaaqudgha.
  3862 | D:4      | Noticed Blork the orc
  3869 | D:4      | Reached XP level 7. HP: 36/36 MP: 13/13
  3993 | D:4      | Killed Blork the orc
  4059 | D:4      | Found a runed translucent door.
  4065 | D:4      | Noticed RaHiT's ghost (novice GnWn)
  4313 | D:4      | Found a basalt altar of Yredelemnul.
  4540 | D:5      | Entered Level 5 of the Dungeon
  4616 | D:5      | Found a sand-covered staircase.
  4694 | Ossuary  | Entered an ossuary
  6052 | D:5      | Noticed Grinder
  6052 | D:5      | Paralysed by Grinder for 7 turns
  6061 | D:5      | Killed Grinder
  6061 | D:5      | Reached skill level 1 in Fighting
  6061 | D:5      | Reached skill level 1 in Maces & Flails
  6061 | D:5      | Reached skill level 1 in Armour
  6061 | D:5      | Reached skill level 1 in Evocations
  6061 | D:5      | Reached XP level 8. HP: 30/43 MP: 15/15
  6417 | D:5      | Noticed a +0 dagger
  6418 | D:5      | Found a hide-covered altar of Uskayaw.
  6418 | D:5      | Noticed a +0 dagger
  6446 | D:5      | Found a blossoming altar of Fedhas.
  6786 | D:6      | Found an ornate altar of the Wu Jian Council.
  6799 | D:6      | Found Irih's Armour Shoppe.
  6837 | D:6      | Reached skill level 7 in Earth Magic
  7087 | D:5      | Reached skill level 5 in Spellcasting
  7513 | D:6      | Found a hazy altar of Hepliaklqana.
  7793 | D:6      | Reached skill level 5 in Conjurations
  7838 | D:6      | Found a staircase to the Ecumenical Temple.
  7854 | Temple   | Entered the Ecumenical Temple
  7893 | Temple   | Became a worshipper of Vehumet
  8621 | D:6      | Reached XP level 9. HP: 49/49 MP: 9/17
  8808 | D:6      | Killed a large slime creature
  8811 | D:6      | HP: 2/51 [slime creature (11)]
  8820 | D:6      | Reached * piety under Vehumet
  8820 | D:6      | Offered knowledge of Freeze by Vehumet.
  9664 | D:7      | Learned a level 6 spell: Iron Shot
  9696 | D:7      | Reached skill level 8 in Earth Magic
  9751 | D:7      | Offered knowledge of Magic Dart by Vehumet.
  9764 | D:7      | Reached ** piety under Vehumet
  9830 | D:7      | Reached XP level 10. HP: 56/56 MP: 17/18
 10294 | D:8      | Found an ornate altar of the Wu Jian Council.
 10641 | D:8      | Noticed a two-headed ogre
 10646 | D:8      | Killed a two-headed ogre
 10754 | D:8      | Found an iron altar of Okawaru.
 10879 | D:8      | Offered knowledge of Conjure Flame by Vehumet.
 10957 | D:9      | Found a shadowy altar of Dithmenos.
 10957 | D:9      | Noticed Gastronok
 10972 | D:9      | Killed Gastronok
 10972 | D:9      | Reached skill level 5 in Fighting
 10972 | D:9      | Reached skill level 5 in Armour
 11230 | D:9      | Reached skill level 9 in Earth Magic
 11281 | D:9      | Reached XP level 11. HP: 64/64 MP: 21/21
 11325 | D:9      | Reached *** piety under Vehumet
 11406 | D:9      | Reached skill level 5 in Maces & Flails
 11583 | D:9      | Noticed a two-headed ogre
 11592 | D:9      | Offered knowledge of Mephitic Cloud by Vehumet.
 11595 | D:9      | Killed a two-headed ogre
 11738 | D:9      | Found a shimmering blue altar of Sif Muna.
 11739 | D:9      | Found an opulent altar of Gozag.
 11804 | D:9      | Found a shadowy altar of Dithmenos.
 11804 | D:9      | Found a sacrificial altar of Ru.
 11826 | D:9      | Found a staircase to the Lair.
 11834 | D:9      | Noticed Psyche
 11839 | D:9      | Killed Psyche
 12379 | D:10     | Entered Level 10 of the Dungeon
 12379 | D:10     | Noticed a two-headed ogre
 12383 | D:10     | Killed a two-headed ogre
 12394 | D:10     | Noticed a two-headed ogre
 12440 | D:10     | Found Ciatz's Armour Shop.
 12479 | D:10     | Found a flagged portal.
 12495 | Bailey   | Entered a bailey
 12604 | Bailey   | Reached **** piety under Vehumet
 12604 | Bailey   | Reached skill level 5 in Dodging
 12606 | Bailey   | Offered knowledge of Olgreb's Toxic Radiance by Vehumet.
 12907 | D:10     | Killed a two-headed ogre
 12907 | D:10     | Reached skill level 5 in Evocations
 13294 | D:10     | Killed an unseen horror
 13748 | D:10     | Learned a level 5 spell: Bolt of Magma
 13902 | D:11     | Noticed a cyclops
 13916 | D:11     | Killed a cyclops
 14078 | D:11     | Noticed a two-headed ogre
 14277 | D:11     | Reached skill level 1 in Fire Magic
 14436 | D:11     | Reached XP level 12. HP: 71/71 MP: 23/23
 14450 | D:11     | Killed a two-headed ogre
 14450 | D:11     | Reached skill level 10 in Earth Magic
 14453 | D:11     | Reached ***** piety under Vehumet
 14457 | D:11     | Offered knowledge of Airstrike by Vehumet.
 14675 | D:11     | Found a runed translucent gate.
 14675 | D:11     | Found a runed translucent gate.
 14675 | D:11     | Found a runed translucent gate.
 14675 | D:11     | Noticed Weapeem's ghost (journeyman OpCK)
 15382 | D:11     | Found a staircase to the Orcish Mines.
 15655 | D:12     | HP: 1/71 [cyclops/large rock (23)]
 16096 | D:12     | Noticed a two-headed ogre
 16107 | D:12     | Killed a two-headed ogre
 16455 | D:12     | Noticed an eight-headed hydra
 16461 | D:12     | Killed an eight-headed hydra
 16487 | D:12     | Offered knowledge of Starburst by Vehumet.
 17351 | D:13     | Learned a level 6 spell: Starburst
 17359 | D:13     | Noticed Sonja
 17360 | D:13     | Killed Sonja
 17360 | D:13     | Reached skill level 5 in Fire Magic
 17427 | D:13     | Reached XP level 13. HP: 77/77 MP: 25/25
 17572 | D:13     | Found a gate to the Vaults.
 18715 | D:14     | You fall into a shaft and drop 1 floor!
 18715 | D:15     | Entered Level 15 of the Dungeon
 18715 | D:15     | Found a blossoming altar of Fedhas.
 18926 | D:14     | Reached skill level 11 in Earth Magic
 19159 | D:14     | Got a sparkling crystal amulet
 19160 | D:14     | Identified the amulet "Esta Qau" {Inacc rPois MR++ MP+9
                  | Int-4} (You found it on level 14 of the Dungeon)
 19281 | D:14     | Found an ancient bone altar of Kikubaaqudgha.
 19774 | Lair:1   | Entered Level 1 of the Lair of Beasts
 20747 | Lair:1   | You fall into a shaft and drop 1 floor!
 21235 | Lair:2   | HP: 3/79 [bullfrog (4)]
 21235 | Lair:2   | Mangled by a yak

Illustrated notes

Levels and vault maps discovered:
D:1:      lightli_arrival_quake, layout_basic
D:2:      layout_basic, chequers_ecumenical_altar_lobes, minmay_tetromino_i4,
          uniq_terence
D:3:      layout_basic, lemuel_coloured_pillars_altar,
          lemuel_zombie_altar_kikubaaqudgha, uniq_sigmund
D:4:      layout_cave_pools, yredelemnul_altar_generic, ebering_ghost_sewer_d,
          uniq_blork_the_orc
D:5:      layout_gridville, nicolae_overflow_crystal_walls,
          dancing_weapons_uskayaw, nicolae_ossuary_entry_ruins, uniq_grinder
D:6:      cheibrodos_fertilizer, layout_loops_corners,
          nicolae_overflow_hidden_temple, minmay_temple_entry_glassed_door,
          serial_shops, shop, basic_altar
D:7:      layout_basic, minmay_small_thing
D:8:      layout_loops_cross, old_standard_altar, overflow_temple_1_default
D:9:      layout_basic, chequers_temple_overflow_statue_of_worship,
          dpeg_oklobed_lair, minmay_hedge_maze, grunt_dithmenos_smoke,
          uniq_psyche, uniq_gastronok
D:10:     layout_irregular_city, serial_shops, kennysheep_mini_moat,
          enter_bailey_2
D:11:     layout_roguey, david_orc_4, gammafunk_ghost_spectres,
          minmay_misc_feat_hallway
D:12:     layout_cross
D:13:     layout_roguey, david_vaults_1, uniq_sonja
D:14:     layout_roguey, minmay_crystal_room, lemuel_altar_in_water
D:15:     hangedman_depths_entry_try_elsewhere_first, layout_gridville,
          fedhas_altar_2
Temple:   eino_wide_crystal_templ
Lair:1:   layout_layer_cave, grunt_forest_stairs_basic
Lair:2:   layout_regular_city, spider_nest_entry_funnel_web,
          grunt_forest_small_clearings, st_stairs_3, beast_lair_carwin_4,
          grunt_megastairs_2, minmay_lair_oklob_chamber

Skill      XL: |  1  2  3  4  5  6  7  8  9 10 11 12 13 |
---------------+----------------------------------------+-----
Earth Magic    | 4 5 6 7 8 9 10 11 | 11.3
Spellcasting   | 3 4 5 6 7 8 |  8.8
Conjurations   | 1 2 3 4 5 6 7 8 9 |  9.6
Fighting       | 1 2 4 5 6 7 8 |  8.5
Maces & Flails | 1 2 3 4 6 7 |  7.8
Armour         | 1 2 4 5 6 |  6.0
Dodging        | 2 3 4 5 6 |  6.7
Evocations     | 1 2 3 4 5 6 |  6.0
Fire Magic     | 1 5 7 |  7.0
Stealth        | |  2.1
Transmutations | |  0.7

Action                   |  1- 3 |  4- 6 |  7- 9 | 10-12 | 13-15 || total
-------------------------+-------+-------+-------+-------+-------++-------
Melee: Unarmed           |    14 |       |       |       |       ||    14
       Dagger            |   123 |   135 |   582 |   137 |       ||   977
       Double sword      |       |       |       |   245 |   170 ||   415
 Cast: Sandblast         |    34 |    35 |    39 |    94 |     2 ||   204
       Stone Arrow       |       |     2 |    39 |    74 |       ||   115
       Lee's Rapid Decon |       |       |    17 |    34 |    13 ||    64
       Iron Shot         |       |       |       |    10 |    23 ||    33
       Bolt of Magma     |       |       |       |       |    15 ||    15
 Abil: Evoke Flight      |       |       |       |     2 |       ||     2
Evoke: Wand              |       |       |     9 |     8 |       ||    17
       Lightning rod     |       |       |       |     5 |       ||     5
  Use: Scroll            |     5 |     7 |    12 |    11 |     6 ||    41
       Potion            |       |     1 |     2 |     5 |       ||     8
 Stab: Sleeping          |     4 |     1 |    12 |     2 |     2 ||    21
       Distracted        |       |       |     1 |     1 |       ||     2
Armor: Robe              |    48 |    65 |   248 |   252 |   121 ||   734
Dodge: Dodged            |   119 |    93 |   398 |   408 |   224 ||  1242
Block: Other             |       |       |       |   109 |    77 ||   186
       Reflection        |       |       |       |    14 |     1 ||    15
       Rpst.: Double sword |       |       |       |    68 |    51 ||   119

Table legend: (Time is in decaauts)
 A = Elapsed time spent in this place.
 B = Non-inter-level travel time spent in this place.
 C = Inter-level travel time spent in this place.
 D = Time resting spent in this place.
 E = Time spent auto-exploring this place.
 F = Levels seen in this place.
 G = Mean time per level.
                   A        B        C        D        E       F      G
               +--------+--------+--------+--------+--------+-----+--------+
         Total |  21597 |  21078 |    519 |   4193 |  12615 |  20 | 1079.8 |
       Dungeon |  18504 |  18046 |    458 |   3770 |  10900 |  15 | 1233.6 |
        Temple |     55 |     39 |     16 |      0 |     24 |   1 |   55.0 |
          Lair |   1485 |   1441 |     44 |    103 |   1175 |   2 |  742.5 |
       Ossuary |   1241 |   1241 |      0 |    198 |    516 |   1 | 1241.0 |
        Bailey |    310 |    310 |      0 |    121 |      0 |   1 |  310.0 |
               +--------+--------+--------+--------+--------+-----+--------+

Top non-repeatable levels by time:
     D:6: 1861 daAuts
    D:11: 1828 daAuts
    D:13: 1599 daAuts
  Lair:1: 1471 daAuts
     D:9: 1467 daAuts
     D:5: 1464 daAuts
    D:10: 1395 daAuts
     D:3: 1331 daAuts
     D:1: 1319 daAuts
    D:12: 1292 daAuts
 Ossuary: 1241 daAuts
     D:2: 1152 daAuts
     D:7: 1084 daAuts
    D:14: 1078 daAuts
     D:8: 820 daAuts
